 Dungeon Crawl Stone Soup version 0.21.0-3-g78d12a8 (webtiles) character file.

6870 pstr the Thaumaturge (level 10, 0/46 HPs)
             Began as a Spriggan Earth Elementalist on Jan 8, 2018.
             Was a High Priest of Sif Muna.
             Slain by a killer bee (1 damage)
             ... on level 9 of the Dungeon on Jan 11, 2018.
             The game lasted 00:41:01 (12604 turns).

pstr the Thaumaturge (Spriggan Earth Elementalist) Turns: 12604, Time: 00:41:01

Health: 0/46       AC:  5    Str:  4    XL:     10   Next: 78%
Magic:  2/27       EV:  4    Int: 20    God:    Sif Muna [*****.]
Gold:   499        SH:  0    Dex: 17    Spells: 22/33 levels left

rFire    . . .     SeeInvis +   p - +0 trident (protect)
rCold    . . .     Gourm    .   (shield currently unavailable)
rNeg     + + +     Faith    +   E - +0 animal skin
rPois    ∞         Spirit   .   (helmet restricted)
rElec    .         Reflect  .   K - +0 cloak {+Inv}
rCorr    .         Harm     .   (gloves unavailable)
MR       +....                  (boots unavailable)
Stlth    +++.......             i - amulet of faith
HPRegen  0.15/turn              H - +2 ring of protection
MPRegen  0.20/turn              m - +2 ring of evasion

@: lethally poisoned (0 -> 0), petrified, divine energy, very quick
A: very small, unfitting armour, see invisible, herbivore, speed 3, slow
metabolism 2
a: Stop Divine Energy, Channel Magic, Forget Spell, Renounce Religion, Evoke
Invisibility


You were on level 9 of the Dungeon.
You worshipped Sif Muna.
Sif Muna was extremely pleased with you.
You were not hungry.

You visited 1 branch of the dungeon, and saw 9 of its levels.

You collected 499 gold pieces.

Inventory:

Hand Weapons
 a - a +0 short sword
 j - a +0 dagger of flaming
 p - a +0 trident of protection (weapon)
 D - a +0 rapier of speed
Missiles
 b - 122 stones (quivered)
 I - 33 arrows
Armour
 c - a +0 robe
 E - a +0 animal skin (worn)
 K - a +0 cloak of invisibility (worn)
Jewellery
 i - an amulet of faith (around neck)
 m - a +2 ring of evasion (right hand)
 H - a +2 ring of protection (left hand)
Wands
 F - a wand of polymorph (28)
 J - a wand of clouds (6)
 L - a wand of enslavement (7)
 M - a wand of disintegration (8)
 N - a wand of paralysis (12)
Scrolls
 f - 7 scrolls of remove curse {unknown}
 g - 13 scrolls of identify {unknown}
 h - 5 scrolls of teleportation {unknown}
 k - 4 scrolls of random uselessness {unknown}
 l - 2 scrolls of noise {unknown}
 r - 3 scrolls of fog {unknown}
 w - 2 scrolls of magic mapping {unknown}
 x - a scroll of enchant weapon {unknown}
 y - a scroll of enchant armour {unknown}
 B - a scroll of brand weapon {unknown}
 G - a scroll of amnesia {unknown}
Potions
 n - 3 potions of lignification
 o - 2 potions of haste
 s - a potion of degeneration
 t - a potion of mutation {unknown}
 u - a potion of might
 v - 3 potions of curing
Books
 e - a book of Geomancy

   Spells                             Type                      Level
   a - Sandblast                      Earth                        1
   b - Passwall                       Transmutation/Earth          2
   c - Stone Arrow                    Conjuration/Earth            3
   d - Petrify                        Transmutation/Earth          4
   e - Lee's Rapid Deconstruction     Earth                        5
 q - a book of Misfortune

   Spells                             Type                      Level
   a - Confusing Touch                Hexes                        1
   b - Confuse                        Hexes                        3
   c - Gell's Gravitas                Translocation                3
   d - Petrify                        Transmutation/Earth          4
   e - Metabolic Englaciation         Hexes/Ice                    5
   f - Yara's Violent Unravelling     Hexes/Transmutation          5
 z - a book of Spatial Translocations

   Spells                             Type                      Level
   a - Blink                          Translocation                2
   b - Shroud of Golubria             Charms/Translocation         2
   c - Lesser Beckoning               Translocation                3
   d - Gell's Gravitas                Translocation                3
   e - Teleport Other                 Translocation                3
   f - Passage of Golubria            Translocation                4
 A - a book of Air

   Spells                             Type                      Level
   a - Shock                          Conjuration/Air              1
   b - Swiftness                      Charms/Air                   2
   c - Static Discharge               Conjuration/Air              3
   d - Airstrike                      Air                          4
   e - Lightning Bolt                 Conjuration/Air              5
 C - a book of Necromancy

   Spells                             Type                      Level
   a - Pain                           Necromancy                   1
   b - Animate Skeleton               Necromancy                   1
   c - Vampiric Draining              Necromancy                   3
   d - Regeneration                   Charms/Necromancy            3
   e - Animate Dead                   Necromancy                   4
   f - Borgnjor's Vile Clutch         Necromancy/Earth             5
Comestibles
 d - 7 rations


   Skills:
 + Level 1.6 Fighting
 + Level 1.8 Polearms
 + Level 5.9 Dodging
 + Level 5.5 Stealth
 + Level 12.2 Spellcasting
 + Level 4.6 Conjurations
 + Level 0.3 Hexes
 + Level 0.5 Necromancy
   Level 1.3 Transmutations
 + Level 9.3 Earth Magic


You had 22 spell levels left.
You knew the following spells:

 Your Spells              Type           Power        Failure   Level  Hunger
a - Sandblast             Erth           #####.       1%          1    None
b - Stone Arrow           Conj/Erth      #####.       1%          3    None
c - Lee's Rapid Deconstr  Erth           #####.....   3%          5    ####...
d - Animate Skeleton      Necr           N/A          4%          1    None
e - Confusing Touch       Hex            ##....       4%          1    None


Dungeon Overview and Level Annotations

Branches:
Dungeon (9/15)             Temple (0/1) D:6
   Lair: D:8-11         Orc: D:9-12

Altars:
Dithmenos
Gozag
Hepliaklqana
Sif Muna
Vehumet
Xom
Yredelemnul

Annotations:
D:4 BonusName's ghost, amateur MiFi


Innate Abilities, Weirdness & Mutations

You are very small and have problems with some larger weapons.
You are too small for most types of armour.
You have supernaturally acute eyesight. (SInv)
You are a herbivore.
You cover ground extremely quickly.
You need consume almost no food.


Message History

The killer bee stings you.
You have turned to stone.
The killer bee barely misses you. The killer bee stings you! x2
The killer bee stings you. The killer bee barely misses you.
The killer bee stings you but does no damage. x2
The killer bee closely misses you.
A yak comes into view.
The killer bee stings you but does no damage.
The killer bee stings you. x3
* * * LOW HITPOINT WARNING * * *
The killer bee stings you. The killer bee stings you!
* * * LOW HITPOINT WARNING * * *
The killer bee stings you but does no damage.
The yak moves out of view.
The killer bee stings you but does no damage.
The killer bee stings you.
* * * LOW HITPOINT WARNING * * *
The killer bee stings you!
* * * LOW HITPOINT WARNING * * *
The killer bee stings you.
You die...

..... ♣....♣. #####
....... .... .......
#... l...... ########..#
.......
...........#####YP...##
..............)yyy......
...........).T.y@......#
.......................#
........................
..........(.............
............##########.#
............# #
.........†..#
............####
.................


You could see a yak, a troll, a basilisk and 4 killer bees.

Vanquished Creatures
  5 slime creatures (D:8)
  Maurice (D:9)
  Joseph (D:9)
  A hippogriff (D:7)
  Sigmund (D:4)
  Eustachio (D:5)
  A hungry ghost (D:9)
  5 humans (D:6)
  Duvessa (D:6)
  2 ice beasts (D:5)
  2 porcupines (D:9)
  A necrophage (D:8)
  An orc warrior (D:8)
  2 ogres
  A sky beast (D:9)
  3 phantoms
  4 centaurs
  2 crocodiles (D:9)
  2 big kobolds (D:5)
  The ghost of HungrySpirit the Ducker, an amateur DEAr (D:3)
  4 bullfrogs
  Dowan (D:6)
  5 scorpions
  5 wights (D:9)
  4 crimson imps
  A bullfrog zombie (D:7)
  4 hounds
  2 jellies (D:6)
  5 orc wizards
  2 orc priests
  3 iguanas
  7 worker ants
  A hound skeleton (D:9)
  3 gnolls (D:2)
  7 adders
  2 shadow imps
  3 oozes
  2 worms (D:4)
  A dart slug (D:4)
  5 leopard geckos
  30 orcs
  3 giant cockroaches
  8 goblins
  6 hobgoblins
  11 jackals
  14 kobolds
  3 quokkas
  A ball python (D:4)
  8 bats
  3 frilled lizards
  A leopard gecko skeleton (D:4)
  A leopard gecko zombie (D:8)
  8 rats
  A spectral orc (D:7)
203 creatures vanquished.

Vanquished Creatures (collateral kills)
  A necrophage (D:8)
  A scorpion (D:8)
2 creatures vanquished.

Vanquished Creatures (others)
  3 bushes (D:9)
  3 fungi (D:9)
  14 plants (D:9)
  4 toadstools (D:1)
24 creatures vanquished.

Grand Total: 229 creatures vanquished

Notes
Turn   | Place    | Note
-------+----------+-------------------------------------------
     0 | D:1      | pstr the Spriggan Earth Elementalist began the quest for the Orb.
     0 | D:1      | Reached XP level 1. HP: 9/9 MP: 5/5
   166 | D:1      | Reached skill level 3 in Spellcasting
   166 | D:1      | Reached XP level 2. HP: 13/13 MP: 2/7
   636 | D:1      | You fall through a shaft!
   835 | D:2      | Reached XP level 3. HP: 16/16 MP: 3/8
   840 | D:2      | Learned a level 3 spell: Stone Arrow
  1178 | D:2      | Reached skill level 4 in Spellcasting
  1178 | D:2      | Reached XP level 4. HP: 21/21 MP: 1/11
  2305 | D:3      | Noticed HungrySpirit's ghost (amateur DEAr)
  2375 | D:3      | Reached skill level 5 in Spellcasting
  2375 | D:3      | Reached XP level 5. HP: 24/24 MP: 2/13
  2505 | D:3      | Killed HungrySpirit's ghost
  2802 | D:3      | Reached XP level 6. HP: 28/28 MP: 5/15
  3621 | D:3      | Found a deep blue altar of Sif Muna.
  3624 | D:3      | Became a worshipper of Sif Muna the Loreminder
  3666 | D:4      | Reached skill level 6 in Spellcasting
  3810 | D:4      | Reached skill level 1 in Conjurations
  4052 | D:4      | Reached XP level 7. HP: 24/32 MP: 0/17
  4215 | D:4      | Reached * piety under Sif Muna
  4308 | D:4      | Found an opulent altar of Gozag.
  4470 | D:4      | Noticed Sigmund
  4476 | D:4      | Killed Sigmund
  4476 | D:4      | Reached skill level 7 in Spellcasting
  4476 | D:4      | Reached skill level 5 in Earth Magic
  5079 | D:4      | Noticed BonusName's ghost (amateur MiFi)
  5139 | D:5      | Entered Level 5 of the Dungeon
  5143 | D:5      | Noticed Eustachio
  5712 | D:5      | Found a hazy altar of Hepliaklqana.
  5833 | D:5      | Found a shadowy altar of Dithmenos.
  6123 | D:5      | Reached ** piety under Sif Muna
  6123 | D:5      | Reached XP level 8. HP: 37/37 MP: 0/20
  6377 | D:5      | Killed Eustachio
  6377 | D:5      | Reached skill level 8 in Spellcasting
  6679 | D:5      | Reached skill level 1 in Fighting
  6885 | D:5      | HP: 1/37 [ice beast (14)]
  7918 | D:6      | Reached skill level 5 in Dodging
  7994 | D:6      | Noticed Duvessa
  8002 | D:6      | Killed Duvessa
  8002 | D:6      | Reached skill level 1 in Polearms
  8003 | D:6      | Noticed Dowan
  8144 | D:7      | Upgraded the game from 0.21.0 to 0.21.0-3-g78d12a8
  8216 | D:7      | Reached *** piety under Sif Muna
  8267 | D:7      | Reached XP level 9. HP: 41/41 MP: 3/22
  8454 | D:7      | Found a basalt altar of Yredelemnul.
  8561 | D:7      | Reached skill level 9 in Spellcasting
  8717 | D:7      | Learned a level 5 spell: Lee's Rapid Deconstruction
  8719 | D:7      | Learned a level 1 spell: Animate Skeleton
  8721 | D:7      | Learned a level 1 spell: Confusing Touch
  9021 | D:6      | Found a staircase to the Ecumenical Temple.
  9026 | D:6      | Killed Dowan
  9241 | D:6      | Reached **** piety under Sif Muna
  9534 | D:6      | Reached skill level 5 in Stealth
  9571 | D:6      | Reached skill level 10 in Spellcasting
 10835 | D:8      | Reached ***** piety under Sif Muna
 10835 | D:8      | Reached XP level 10. HP: 44/44 MP: 6/25
 10994 | D:8      | Received a gift from Sif Muna
 11082 | D:8      | Reached skill level 11 in Spellcasting
 11398 | D:8      | Found a radiant altar of Vehumet.
 11844 | D:9      | Found a shimmering altar of Xom.
 11844 | D:9      | Noticed Maurice
 11853 | D:9      | Killed Maurice
 12422 | D:9      | Reached skill level 12 in Spellcasting
 12546 | D:9      | Noticed Joseph
 12553 | D:9      | Killed Joseph
 12604 | D:9      | HP: 1/46 [killer bee (4)]
 12604 | D:9      | Slain by a killer bee

Skill      XL: |  1  2  3  4  5  6  7  8  9 10 |
---------------+-------------------------------+-----
Spellcasting   | 3 4 5 6 7 8 10 12 | 12.2
Earth Magic    | 3 4 5 7 8 9 |  9.3
Conjurations   | 1 3 4 |  4.6
Dodging        | 4 5 |  5.9
Stealth        | 4 5 |  5.5
Fighting       | 1 |  1.6
Polearms       | 1 |  1.8
Hexes          | |  0.3
Necromancy     | |  0.5
Transmutations | |  1.3

Action                   |  1- 3 |  4- 6 |  7- 9 | 10-12 || total
-------------------------+-------+-------+-------+-------++-------
Melee: Short sword       |     7 |     6 |       |       ||    13
       Trident           |       |     5 |    90 |    12 ||   107
 Cast: Sandblast         |    38 |    40 |    35 |       ||   113
       Stone Arrow       |     3 |    57 |   194 |    72 ||   326
       Lee's Rapid Decon |       |       |     9 |     9 ||    18
       Animate Skeleton  |       |       |     6 |     3 ||     9
       Confusing Touch   |       |       |     3 |       ||     3
Invok: Divine Energy     |       |       |     1 |       ||     1
  Use: Potion            |       |       |     2 |     6 ||     8
 Stab: Sleeping          |       |       |     1 |       ||     1
  Eat: Ration            |       |     2 |     4 |     3 ||     9
Armor: Robe              |     1 |       |    14 |       ||    15
       Skin              |       |       |     2 |       ||     2
       Animal skin       |       |       |     2 |    10 ||    12
Dodge: Dodged            |    15 |    35 |   120 |    46 ||   216
